 Dungeon Crawl Stone Soup version 0.30-a0-879-ga8ba668304 (webtiles) character file.

Game seed: 7027137405506010474

390739 Morbidden the Impregnable (level 22, -4/191 HPs)
             Began as an Armataur Fighter on Mar 13, 2023.
             Was a High Priest of Cheibriados.
             Killed by vampiric draining
             ... invoked by a vampire mage
              (25 damage)
             ... on level 3 of the Crypt on Mar 14, 2023.
             The game lasted 01:34:10 (50718 turns).

Morbidden the Impregnable (Armataur Fighter)       Turns: 50718, Time: 01:34:10

Health: -4/191     AC: 44    Str: 38      XL:     22   Next: 9%
Magic:  24/45      EV: 15    Int: 38 (46) God:    Cheibriados [*****.]
Gold:   1665       SH: 28    Dex: 19      Spells: 19/39 levels left

rFire   . . .      SeeInvis +    a - +6 shillelagh "Devastator" {shatter}
rCold   + + +      Faith    .    W - +2 tower shield {reflect}
rNeg    . . .      Spirit   .    z - +13 chain mail "Unkomosu" {+Inv rC+ Int+7 Dex-4}
rPois   .          Reflect  +    Z - +3 hat of Pondering {ponderous, Will+ MP+10 Int+5}
rElec   +          Roll     +    w - +0 cloak {rC+}
rCorr   .                        I - +0 pair of gloves
Will    ++...                    n - +1 barding Stlth
                                 o - amulet of Leydun {Reflect rElec Str-3 Int+5 SH+5 SInv}
HPRegen 0.51/turn                P - +5 ring of evasion
MPRegen 0.29/turn                K - +6 ring of strength

@: studying Ranged Weapons, unable to read, very slow
A: large, rugged brown scales 3, deformed body, armoured tail, roll, long
tongue, awkward tongue, stinger 1, talons 1, cold resistance 1, deterioration 1,
shaggy fur 1, inability to read after injury 1
}: 2/15 runes: decaying, gossamer
a: Renounce Religion, Evoke Invisibility, Bend Time, Temporal Distortion,
Slouch, Step From Time


You were on level 3 of the Crypt.
You worshipped Cheibriados.
Cheibriados was extremely pleased with you.
You visited 9 branches of the dungeon, and saw 41 of its levels.
You visited the Abyss 1 time.
You also visited: Bailey and Ice Cave.

You collected 5193 gold pieces.
You spent 3528 gold pieces at shops.

Inventory:

Hand Weapons
 a - the +6 shillelagh "Devastator" (weapon) {shatter}
   (You found it on level 9 of the Dungeon)
 b - a +9 spectral broad axe
Missiles
 D - 18 boomerangs (quivered)
 Y - 7 curare-tipped darts
Armour
 n - a +1 barding (worn)
 s - a +2 plate armour of fire resistance
 w - a +0 cloak of cold resistance (worn)
 z - the +13 chain mail "Unkomosu" (worn) {+Inv rC+ Int+7 Dex-4}
   (You bought it in a shop on level 2 of the Vaults)

   Int:       It affects your intelligence (+7).
   Dex:       It affects your dexterity (-4).
   rC:        It protects you from cold.
   +Inv:      It lets you turn invisible.
 H - a +1 kite shield of resistance
 I - a +0 pair of gloves (worn)
 J - +3 storm dragon scales {Bai Suzhen}
 W - a +2 tower shield of reflection (worn)
 Z - the +3 hat of Pondering (worn) {ponderous, Will+ MP+10 Int+5}
   (You took it off Gastronok on level 1 of the Lair of Beasts)

   Int:       It affects your intelligence (+5).
   MP:        It affects your magic capacity (+10).
   Will:      It increases your willpower.
Jewellery
 o - the amulet of Leydun (around neck) {Reflect rElec Str-3 Int+5 SH+5 SInv}
   (You found it on level 1 of the Orcish Mines)

   [amulet of reflection]

   It reflects blocked missile attacks.
   Str:       It affects your strength (-3).
   Int:       It affects your intelligence (+5).
   rElec:     It insulates you from electricity.
   SInv:      It lets you see invisible.
   SH:        It affects your SH (+5).
 B - the amulet of the Four Winds {rN+ Will+++ Clar}
   (You bought it in a shop on level 2 of the Orcish Mines)

   [amulet of nothing]

   rN:        It protects you from negative energy.
   Clar:      It protects you against confusion.
   Will:      It greatly increases your willpower.
 K - a +6 ring of strength (right hand)
 P - a +5 ring of evasion (left hand)
Wands
 f - a wand of digging (26)
 v - a wand of roots (36)
 x - a wand of mindburst (28)
 C - a wand of flame (96)
 E - a wand of light (21)
 O - a wand of charming (1)
Scrolls
 g - 4 scrolls of poison
 h - 15 scrolls of teleportation
 j - 7 scrolls of immolation
 q - 6 scrolls of blinking
 t - a scroll of acquirement
 y - 2 scrolls of fog
 G - 7 scrolls of amnesia
 L - 3 scrolls of enchant armour
 M - 3 scrolls of brand weapon
 Q - 4 scrolls of enchant weapon
 S - 5 scrolls of summoning
 T - 22 scrolls of identify
 V - 9 scrolls of magic mapping
 X - 2 scrolls of silence
Potions
 d - 10 potions of might
 e - 10 potions of mutation
 i - 2 potions of heal wounds
 k - 18 potions of curing
 l - 2 potions of flight
 m - a potion of brilliance
 r - 3 potions of magic
 u - 9 potions of ambrosia
 A - 2 potions of berserk rage
 F - 5 potions of cancellation
 N - 6 potions of resistance
 R - 6 potions of invisibility
Miscellaneous
 c - a condenser vane (inert)
 p - a lightning rod (4/4)
 U - a tin of tremorstones (inert)


   Skills:
 * Level 11.4 Fighting
 * Level 9.3(12.5) Axes
 * Level 14.4(15.6) Maces & Flails
 + Level 3.6 Throwing
 * Level 21.1 Armour
 * Level 8.9 Dodging
 + Level 4.1 Stealth
 * Level 17.2 Shields
 * Level 9.3 Spellcasting
 * Level 9.3 Conjurations
 * Level 7.1 Translocations
 * Level 4.2 Fire Magic
 * Level 9.1 Air Magic
 * Level 9.7 Invocations
 * Level 10.3 Evocations


You had 19 spell levels left.
You knew the following spells:

 Your Spells              Type           Power      Damage    Failure   Level
a - Airstrike             Air            36%        2d(6-22)  2%          4
b - Arcjolt               Conj/Air       36%        1d46      6%          5
c - Starburst             Conj/Fire      31%        6d9       67%         6
d - Magic Dart            Conj           100%       1d8       1%          1
z - Iskenderun's Mystic   Conj/Tloc      69%        2d14      3%          4

Your spell library contained the following spells:

 Spells                   Type           Power      Damage    Failure   Level
 Apportation              Tloc           100%       N/A       1%          1
 Blink                    Tloc           100%       N/A       1%          2
 Lesser Beckoning         Tloc           100%       N/A       1%          2
 Momentum Strike          Conj/Tloc      100%       3d10      1%          2
 Gell's Gravitas          Tloc           64%        N/A       1%          3
 Kindle Blastsparks       Fire/Tloc/Air  100%       2d18      1%          3
 Teleport Other           Tloc           64%        N/A       1%          3
 Vhi's Electric Charge    Tloc/Air       100%       N/A       1%          3
 Poisonous Vapours        Pois/Air       100%       N/A       2%          2
 Mephitic Cloud           Conj/Pois/Air  59%        N/A       2%          3
 Cigotuvi's Dreadful Rot  Necr/Pois/Air  80%        N/A       4%          2
 Dazzling Flash           Conj/Hex       100%       N/A       4%          3
 Stone Arrow              Conj/Erth      100%       3d13      4%          3
 Sticky Flame             Conj/Fire      62%        2d8       6%          4
 Lightning Bolt           Conj/Air       36%        1d54      6%          5
 Necrotise                Necr           68%        1d7       11%         1
 Sandblast                Erth           34%        2d9       11%         1
 Slow                     Hex            68%        N/A       11%         1
 Summon Small Mammal      Summ           68%        N/A       11%         1
 Inner Flame              Hex/Fire       33%        N/A       13%         3
 Call Imp                 Summ           17%        N/A       16%         2
 Ensorcelled Hibernation  Hex/Ice        34%        N/A       16%         2
 Sublimation of Blood     Necr           17%        N/A       16%         2
 Wereblood                Tmut           17%        N/A       16%         2
 Fulminant Prism          Conj/Hex       26%        3d14      16%         4
 Summon Lightning Spire   Summ/Air       51%        N/A       16%         4
 Freezing Cloud           Conj/Ice/Air   29%        6-21      22%         5
 Call Canine Familiar     Summ           17%        N/A       30%         3
 Confusing Touch          Hex            17%        N/A       30%         3
 Spider Form              Tmut/Pois      17%        N/A       30%         3
 Summon Guardian Golem    Hex/Summ       17%        N/A       30%         3
 Vampiric Draining        Necr           17%        2d7       30%         3
 Irradiate                Conj/Tmut      26%        3d20      38%         5
 Summon Forest            Summ/Tloc      22%        N/A       54%         5
 Dispersal                Tloc           32%        N/A       63%         6
 Anguish                  Hex/Necr       8%         N/A       71%         4
 Animate Armour           Summ/Erth      34%        N/A       71%         4
 Cause Fear               Hex            8%         N/A       71%         4
 Olgreb's Toxic Radiance  Pois           17%        N/A       71%         4
 Petrify                  Tmut/Erth      17%        N/A       71%         4
 Orb of Destruction       Conj           36%        9d11      88%         7
 Agony                    Necr           17%        N/A       96%         5
 Blade Hands              Tmut           8%         N/A       96%         5
 Borgnjor's Vile Clutch   Necr/Erth      8%         N/A       96%         5
 Lee's Rapid Deconstruct  Erth           8%         3d7*      96%         5
 Summon Mana Viper        Hex/Summ       17%        N/A       96%         5
 Simulacrum               Ice/Necr       8%         N/A       100%        6
 Statue Form              Tmut/Erth      11%        N/A       100%        6
 Summon Cactus Giant      Summ           8%         N/A       100%        6
 Dragon Form              Tmut           8%         N/A       100%        7
 Ozocubu's Refrigeration  Ice            8%         4d9       100%        7
 Spellforged Servitor     Conj/Summ      26%        N/A       100%        7
 Discord                  Hex            8%         N/A       100%        8
 Ignition                 Fire           24%        3d8       100%        8
 Maxwell's Capacitive Co  Air            36%        ∞         100%        8
 Dragon's Call            Summ           8%         N/A       100%        9
 Fire Storm               Conj/Fire      31%        8d8       100%        9
 Polar Vortex             Ice            8%         N/A       100%        9


Dungeon Overview and Level Annotations

Branches:
Dungeon (15/15)            Temple (1/1) D:6            Lair (5/5) D:9
  Swamp (4/4) Lair:2       Spider (4/4) Lair:2        Slime (0/5) Lair:4
    Orc (2/2) D:11            Elf (3/3) Orc:2        Vaults (4/5) D:13
  Crypt (3/3) Vaults:2     Depths (0/4) D:15         Bailey (visited)
  IceCv (visited)
   Tomb: Crypt:3

Altars:
Ashenzari
Cheibriados
Dithmenos
Elyvilon
Fedhas
Gozag
Hepliaklqana
Kikubaaqudgha
Makhleb
Nemelex Xobeh
Okawaru
Qazlal
Ru
Sif Muna
Trog
Uskayaw
Vehumet
Wu Jian
Xom
Yredelemnul
Zin
The Shining One

Shops:
D:5 (   D:7 (   D:11 [[   D:14 *   Orc:2 [[*=(   Vaults:2 *([**   Vaults:4 =

Portals:
Trove: Vaults:1 (give +4 ice dragon scales)

Annotations:
D:4 2 transporters, Jano's ghost, amateur DsHu
D:13 3 runed translucent doors, What's ghost, journeyman TrTm
Lair:3 1 runed translucent door
Swamp:4 exclusion: 3 oklob plants
Crypt:2 1 transporter, exclusion: orange crystal statue, Nedaafist's ghost, adept DgNe


Innate Abilities, Weirdness & Mutations

You are completely covered in rugged brown scales. (AC +3, +7% HP)
Armour fits poorly on your strangely shaped body.
You have a long armoured tail.
You roll when moving toward enemies. (Rampage)
Your long tongue fully drains potion bottles. (2x potion effects)
Your tongue gives you trouble enunciating. (1.5x scroll delay)
Your tail ends in a venomous barb.
You have sharp toenails.
Your flesh is cold resistant. (rC+)
Your body sometimes deteriorates upon taking damage.
You are covered in fur. (AC +1)
You occasionally lose the ability to read scrolls when taking damage.


Message History

The vampire mage is heavily damaged.
You block the vampire mage's attack. x2
Unknown command.
Unknown command.
You closely miss the vampire mage. You tail-slap the vampire mage!
The vampire mage is severely damaged.
You block the naga warrior zombie's attack. x2
Unknown command.
Unknown command.
You barely miss the vampire mage. You tail-slap the vampire mage!
The vampire mage is almost destroyed.
You block the skeletal warrior's attack.
The vampire mage draws life force from you!!
* * * LOW HITPOINT WARNING * * *
The vampire mage is healed by the life force!
The naga warrior zombie hits you but does no damage.
The naga warrior zombie grabs you. The naga warrior zombie constricts you.
Unknown command.
You closely miss the vampire mage.
The vampire mage is heavily damaged.
The vampire mage draws life force from you!
* * * LOW HITPOINT WARNING * * *
The vampire mage is healed by the life force!
The skeletal warrior hits you with a +0 mace.
* * * LOW HITPOINT WARNING * * *
Unknown command.
Unknown command.
You hit the vampire mage.
The vampire mage and the naga warrior zombie shudder.
The vampire mage is severely damaged.
You destroy the naga warrior zombie!
The naga warrior zombie disappears in a puff of smoke!
The vampire mage is severely damaged.
Unknown command.
Unknown command.
Unknown command.
You thump the vampire mage!
The vampire mage shudders.
The vampire mage is almost destroyed.
The vampire mage draws life force from you!!
You die...

.. ....
.....########
....))))....##
'''''##z@V#..#####
##### ...
###§........ ....
. ##..##### #.
#...# # ##..#####
# #......# ##
#..###.# #. #..#
#.## #. #..# #..#
###.


You could see a skeletal warrior and a vampire mage (invisible).

Vanquished Creatures
  Bai Suzhen (Spider:3)
  Margery (Vaults:4)
  Nikola (Vaults:1)
  A shard shrike zombie (Crypt:2)
  A tentacled monstrosity (Swamp:2)
  2 deep elf master archers (Elf:3)
  2 deep elf blademasters (Elf:3)
  A tentacled starspawn (Abyss:2)
  Gastronok (Lair:1)
  Kirke (Swamp:1)
  5 thorn hunters (Swamp:4)
  4 sphinxes
  Donald (Spider:3)
  4 ancient champions (Crypt:3)
  3 revenants
  Roxanne (Spider:2)
  A fenstrider witch (Swamp:2)
  8 deep elf sorcerers
  The ghost of mn3067 the Tortoise, an adept GrBe of Trog (Spider:2)
  Louise (Spider:3)
  9 vault wardens
  2 frost giants (Vaults:4)
  A curse skull (Crypt:1)
  7 ghost moths
  8 emperor scorpions
  2 deep elf elementalists (Elf:3)
  6 ghouls (Crypt:1)
  A reaper (Crypt:3)
  5 orc warlords
  A broodmother (Spider:4)
  20 ironbound preservers
  3 very ugly things (Vaults:2)
  9 ironbound thunderhulks
  A stone giant (D:15)
  6 vampire knights
  5 deep elf demonologists
  19 dire elephants
  An eidolon (Crypt:1)
  6 eleionomae
  4 deep elf annihilators (Elf:3)
  A spark wasp (Spider:3)
  3 deep elf death magi
  5 entropy weavers
  4 jiangshi (Crypt:1)
  3 deep elf high priests
  An ettin (Vaults:4)
  4 great orbs of eyes
  9 yaktaur captains
  3 shambling mangroves
  Fannar (Lair:1)
  A ghost crab (Swamp:1)
  A peacekeeper (Vaults:3)
  A spriggan zombie (Crypt:1)
  11 vault guards
  17 hydras
  A fenstrider witch zombie (Crypt:1)
  A spriggan skeleton (Crypt:2)
  6 boulder beetles
  7 ironbound frosthearts
  2 death knights (Crypt:2)
  3 catoblepae (Lair:5)
  4 jorogumos
  9 centaur warriors
  2 radroaches
  6 alligators
  19 death yaks
  5 two-headed ogres
  19 dancing weapons
  3 vampire magi
  A thrashing horror (Abyss:2)
  Urug (Lair:4)
  6 tengu warriors
  6 hell knights
  An orc high priest (Orc:2)
  A titan zombie (Crypt:1)
  A storm dragon zombie (Crypt:1)
  A soul eater (Crypt:2)
  10 deep elf knights
  A shadow wraith (Crypt:2)
  A sun moth (Spider:3)
  A sixfirhy (Abyss:2)
  A wretched star (Abyss:2)
  A death drake (Swamp:4)
  4 pharaoh ants
  A skyshark (Lair:3)
  3 goliath frogs
  13 skeletal warriors
  44 deep trolls
  7 spriggan druids
  6 orb spiders
  6 swamp dragons
  2 anaconda zombies (Crypt:1)
  4 spectral hydras (Swamp:4)
  A glowing orange brain (Vaults:3)
  3 flayed ghosts
  A shadow dragon zombie (Crypt:1)
  10 deep elf archers
  18 ironbound convokers
  An orange crystal statue (Crypt:2)
  6 bog bodies
  9 phantasmal warriors
  3 steelbarb worms
  43 deep elf pyromancers
  6 necromancers
  4 wizards
  12 lindwurms
  Pikel (D:5)
  2 large abominations (Abyss:2)
  21 deep elf zephyrmancers
  3 harpies (Vaults:4)
  13 wolf spiders
  19 orc knights
  3 manticores
  5 will-o-the-wisps
  23 ugly things
  6 orc sorcerers
  5 cyclopes
  5 moths of wrath
  A shadow dragon skeleton (Crypt:1)
  A guardian serpent (shapeshifter) (Elf:2)
  A stone giant skeleton (Crypt:1)
  2 ice statues
  An elephant (shapeshifter) (Vaults:2)
  5 black mambas
  3 torpor snails
  15 vault sentinels
  6 elephants (Lair:2)
  A smoke demon (Abyss:2)
  Joseph (D:8)
  2 gargoyles
  9 demonic crawlers
  An eleionoma skeleton (Crypt:2)
  A dire elephant skeleton (Crypt:1)
  An unseen horror (D:13)
  10 komodo dragons
  13 cane toads
  A titan simulacrum (Crypt:2)
  18 yaktaurs
  An alligator snapping turtle skeleton (Crypt:2)
  4 rime drakes
  An efreet (D:13)
  4 freezing wraiths
  An ancient zyme (Abyss:2)
  5 tengu conjurers
  A grey draconian skeleton (Crypt:1)
  6 guardian mummies (Crypt:1)
  A pale draconian skeleton (Crypt:1)
  9 polar bears
  A harpy zombie (Crypt:2)
  3 meliai (D:14)
  10 trolls
  12 tyrant leeches
  A bloated husk (Swamp:1)
  2 hydra zombies (Swamp:4)
  A death drake zombie (Swamp:4)
  12 hornets
  Grinder (D:3)
  6 saltlings (Orc:2)
  4 hydra skeletons (Swamp:4)
  8 blink frogs
  2 harpy skeletons
  A blink frog (shapeshifter) (D:14)
  2 satyr zombies
  21 tarantellas
  2 ettin zombies (Vaults:2)
  4 dream sheep (Lair:4)
  23 jumping spiders
  Sigmund (D:3)
  A frost giant simulacrum (Vaults:2)
  A meliai zombie (Crypt:1)
  2 flying skulls (Crypt:3)
  2 air elementals
  20 culicivoras
  23 slime creatures
  7 spriggans
  A shadow (D:12)
  A vampire (D:12)
  2 water elementals
  10 wraiths
  6 wyverns
  2 hogs (Swamp:1)
  73 yaks
  8 basilisks
  4 fire elementals
  A death yak simulacrum (Lair:5)
  41 redbacks
  A neqoxec (Abyss:2)
  2 steam dragons
  A human (D:13)
  7 vampire mosquitoes
  10 wargs
  Menkaure (D:5)
  21 swamp worms
  2 acid dragons
  Duvessa (D:7)
  14 water moccasins
  2 hydra simulacra (Swamp:4)
  A merfolk skeleton (Crypt:1)
  10 swamp drakes (Swamp:4)
  3 small abominations (Abyss:2)
  An ice beast (D:6)
  37 orc warriors
  A sky beast (D:7)
  4 black bears
  11 ogres
  39 wolves
  3 swamp dragon zombies
  10 centaurs
  2 swamp dragon skeletons (Swamp:4)
  A dream sheep skeleton (Crypt:2)
  Blork the orc (D:6)
  A kobold brigand (D:9)
  3 earth elementals
  9 bullfrogs
  5 scorpions
  A glowing shapeshifter simulacrum (Vaults:2)
  16 wights
  Dowan (D:7)
  12 killer bees
  An elephant simulacrum (Lair:5)
  A jelly (D:5)
  4 electric eels
  3 human zombies (Crypt:1)
  A bullfrog zombie (Crypt:1)
  8 orc priests
  6 hounds
  2 iron imps
  4 iguanas
  Jessica (D:3)
  Terence (D:3)
  2 human skeletons (Crypt:1)
  21 orc wizards
  4 sleepcaps
  2 polar bear simulacra (Lair:5)
  A wolf simulacrum (Lair:5)
  An ogre zombie (Crypt:2)
  2 mummies (Crypt:1)
  Robin (D:3)
  7 gnolls
  12 adders
  A shadow imp (D:6)
  3 white imps
  A jelly zombie (Crypt:3)
  3 worms
  5 dart slugs
  71 orcs
  7 ball pythons
  5 bats
  A bat skeleton (Crypt:3)
  6 endoplasms
  7 giant cockroaches
  11 hobgoblins
  5 jackals
  2 quokkas
  A dart slug zombie (Crypt:2)
  3 frilled lizards
  21 goblins
  11 kobolds
  An orc skeleton (Crypt:1)
  A quokka skeleton (Crypt:1)
  7 rats
  4 briar patches (Swamp:4)
  A foxfire (Swamp:4)
  A pillar of salt (Orc:2)
  A starspawn tentacle (Abyss:2)
1602 creatures vanquished.

Vanquished Creatures (collateral kills)
  A two-headed ogre (D:9)
1 creature vanquished.

Vanquished Creatures (others)
  A curse skull (Crypt:2)
  2 hydras (Swamp:1)
  A goliath frog (Swamp:1)
  2 deep elf pyromancers (Elf:2)
  A hornet (Swamp:1)
  A spriggan (Swamp:1)
  2 hogs (Swamp:1)
  A swamp drake (Swamp:1)
  An orc (Orc:1)
  3 briar patches (Swamp:4)
  23 foxfires
  26 fungi
  2 pillars of salt (Orc:2)
  60 plants
  2 starspawn tentacles (Abyss:2)
  4 toadstools (Lair:3)
  2 withered plants (Spider:2)
134 creatures vanquished.

Grand Total: 1737 creatures vanquished

Notes
Turn   | Place    | Note
-------+----------+-------------------------------------------
     0 | D:1      | Morbidden the Armataur Fighter began the quest for the Orb.
     0 | D:1      | Reached XP level 1. HP: 19/19 MP: 1/1
   148 | D:1      | Found Bocaim's Magic Scroll Shop.
   247 | D:1      | Reached XP level 2. HP: 21/26 MP: 2/2
   401 | D:1      | Reached skill level 4 in Armour
   849 | D:2      | Reached XP level 3. HP: 32/33 MP: 3/3
  1158 | D:2      | Reached XP level 4. HP: 18/40 MP: 4/4
  1794 | D:3      | Noticed Sigmund
  2144 | D:3      | Reached XP level 5. HP: 48/48 MP: 6/6
  2167 | D:3      | Noticed Terence
  2184 | D:3      | Killed Terence
  2185 | D:3      | Reached skill level 5 in Armour
  2411 | D:3      | Reached skill level 1 in Axes
  2428 | D:3      | Noticed Jessica
  2433 | D:3      | Killed Jessica
  2434 | D:3      | Reached skill level 1 in Spellcasting
  2545 | D:3      | Noticed Grinder
  2559 | D:3      | Killed Grinder
  2560 | D:3      | Reached skill level 1 in Dodging
  2560 | D:3      | Reached XP level 6. HP: 50/54 MP: 8/8
  2577 | D:3      | Noticed Robin
  2592 | D:3      | Killed Robin
  2869 | D:3      | Found a faded altar of an unknown god.
  2874 | D:3      | Found an ancient bone altar of Kikubaaqudgha.
  2968 | D:3      | Killed Sigmund
  2969 | D:3      | Reached XP level 7. HP: 62/62 MP: 9/9
  3177 | D:3      | Found a glowing golden altar of the Shining One.
  3306 | D:4      | Found a transporter.
  3308 | D:4      | Noticed Jano's ghost (amateur DsHu)
  3314 | D:4      | Found a transporter.
  3629 | D:5      | Entered Level 5 of the Dungeon
  3637 | D:5      | Found a bloodstained altar of Trog.
  3666 | D:5      | Noticed a wyvern
  3674 | D:5      | Killed a wyvern
  3675 | D:5      | Reached skill level 6 in Armour
  3700 | D:5      | Found Hokoirph's Weapon Emporium.
  3755 | D:5      | Noticed Menkaure
  3762 | D:5      | Killed Menkaure
  3763 | D:5      | Reached XP level 8. HP: 34/71 MP: 11/11
  3925 | D:5      | Noticed Pikel
  3949 | D:5      | Killed Pikel
  3950 | D:5      | Reached skill level 7 in Armour
  4275 | D:5      | Found a glowing silver altar of Zin.
  4297 | D:6      | Found a hazy altar of Hepliaklqana.
  4315 | D:6      | Reached skill level 5 in Maces & Flails
  4381 | D:6      | Found a staircase to the Ecumenical Temple.
  4385 | D:6      | Noticed Blork the orc
  4389 | D:6      | Killed Blork the orc
  4390 | D:6      | Reached skill level 5 in Shields
  4406 | Temple   | Entered the Ecumenical Temple
  4553 | D:6      | Reached skill level 1 in Evocations
  4569 | D:6      | Reached XP level 9. HP: 50/77 MP: 13/13
  4897 | D:7      | Noticed Dowan
  4898 | D:7      | Noticed Duvessa
  4914 | D:7      | Killed Duvessa
  4915 | D:7      | Reached skill level 5 in Fighting
  4921 | D:7      | Killed Dowan
  4971 | D:7      | Reached skill level 8 in Armour
  5054 | D:7      | Found Dole's Weapon Shop.
  5136 | D:7      | Found a flagged portal.
  5150 | Bailey   | Entered a bailey
  5293 | Bailey   | Reached skill level 17 in Armour
  5293 | Bailey   | Reached XP level 10. HP: 86/86 MP: 14/14
  5293 | Bailey   | Reached XP level 11. HP: 94/94 MP: 15/15
  5412 | Bailey   | Noticed an orc knight
  5582 | Bailey   | Killed an orc knight
  5788 | D:7      | Reached skill level 1 in Throwing
  6278 | D:8      | Found a snail-covered altar of Cheibriados.
  6288 | D:8      | Became a worshipper of Cheibriados the Contemplative
  6346 | D:8      | Learned a level 5 spell: Arcjolt
  6379 | D:8      | Reached XP level 12. HP: 85/100 MP: 17/17
  6629 | D:8      | Reached * piety under Cheibriados
  6695 | D:8      | Noticed Joseph
  6709 | D:8      | Killed Joseph
  6748 | D:8      | Found a stormy altar of Qazlal.
  6749 | D:8      | Identified the +1 war axe "Ceos" {heavy, rElec rF+ Dex-5}
  7055 | D:9      | Noticed a two-headed ogre
  7055 | D:9      | Found the +6 shillelagh "Devastator" {shatter}
  7058 | D:9      | Noticed a two-headed ogre
  7065 | D:9      | Killed a two-headed ogre
  7069 | D:9      | Killed a two-headed ogre
  7144 | D:9      | Found a staircase to the Lair.
  7309 | D:9      | Found an opulent altar of Gozag.
  7391 | D:9      | Reached skill level 1 in Conjurations
  7405 | D:9      | Reached skill level 1 in Air Magic
  7437 | D:9      | Reached ** piety under Cheibriados
  7719 | D:10     | Entered Level 10 of the Dungeon
  7877 | D:10     | Reached skill level 1 in Invocations
  8150 | D:10     | Noticed a centaur warrior
  8159 | D:10     | Killed a centaur warrior
  8159 | D:10     | Reached *** piety under Cheibriados
  8598 | Lair:1   | Entered Level 1 of the Lair of Beasts
  8823 | Lair:1   | Noticed Fannar
  8830 | Lair:1   | Killed Fannar
  9079 | Lair:1   | Noticed Gastronok
  9136 | Lair:1   | Killed Gastronok
  9137 | Lair:1   | Reached skill level 1 in Stealth
  9137 | Lair:1   | Reached XP level 13. HP: 107/109 MP: 19/19
  9326 | Lair:1   | Learned a level 1 spell: Magic Dart
  9461 | Lair:2   | Reached **** piety under Cheibriados
  9766 | Lair:2   | Found a hole to the Spider Nest.
  9949 | Lair:2   | Found a staircase to the Swamp.
 10378 | Lair:3   | Reached ***** piety under Cheibriados
 10918 | Lair:3   | Noticed a dire elephant
 10938 | Lair:3   | Found a runed translucent door.
 11595 | Lair:4   | Noticed Urug
 11606 | Lair:4   | Killed Urug
 11685 | Lair:4   | Reached skill level 18 in Armour
 11828 | Lair:4   | Found a staircase to the Slime Pits.
 11834 | Lair:4   | Reached XP level 14. HP: 120/120 MP: 21/21
 11836 | Lair:4   | Reached ****** piety under Cheibriados
 11890 | Lair:4   | Reached skill level 5 in Dodging
 12277 | Lair:5   | Entered Level 5 of the Lair of Beasts
 12298 | Lair:5   | Reached skill level 5 in Evocations
 12356 | Lair:5   | Reached skill level 5 in Axes
 12387 | Lair:5   | Reached skill level 5 in Spellcasting
 12398 | Lair:5   | Found a frozen archway.
 12412 | IceCv    | Entered an ice cave
 12726 | IceCv    | Reached skill level 10 in Maces & Flails
 12855 | IceCv    | Identified the +7 chain mail of the Bard {Dex+3}
 13935 | Lair:5   | Reached XP level 15. HP: 129/129 MP: 23/23
 14632 | D:11     | Found Tafuorch's Armour Emporium.
 14883 | D:11     | Found Maureyc's Armour Shop.
 14883 | D:11     | Found a staircase to the Orcish Mines.
 14896 | D:11     | Bought a +2 plate armour of fire resistance for 520 gold
                  | pieces
 14947 | D:11     | You fall into a shaft and drop 2 floors!
 15010 | D:13     | Found a runed translucent gate.
 15010 | D:13     | Found a runed translucent gate.
 15011 | D:13     | Found a runed translucent gate.
 15012 | D:13     | Noticed What's ghost (journeyman TrTm)
 16381 | D:13     | Found a gate to the Vaults.
 16932 | D:14     | Reached skill level 5 in Conjurations
 17087 | D:14     | Found Zubuw's General Store.
 17345 | D:15     | Entered Level 15 of the Dungeon
 17355 | D:15     | Reached skill level 5 in Invocations
 17370 | D:15     | Reached skill level 10 in Shields
 17573 | D:15     | Found a staircase to the Depths.
 17863 | D:15     | Found an ornate altar of the Wu Jian Council.
 18034 | Orc:1    | Entered Level 1 of the Orcish Mines
 18098 | Orc:1    | Reached XP level 16. HP: 131/138 MP: 25/25
 18106 | Orc:1    | Reached skill level 5 in Air Magic
 18504 | Orc:1    | Identified the amulet of Leydun {Reflect rElec Str-3 Int+5
                  | SH+5 SInv}
 18845 | Orc:2    | Entered Level 2 of the Orcish Mines
 18966 | Orc:2    | Found Ifawkae's Antique Armour Emporium.
 18971 | Orc:2    | Found a staircase to the Elven Halls.
 19089 | Orc:2    | Reached skill level 19 in Armour
 19094 | Orc:2    | HP: 4/138 [orc knight/+0 dire flail (25)]
 19665 | Orc:2    | Found Vohius's Antique Weapon Shoppe.
 20016 | Orc:2    | Found Koga's Jewellery Shoppe.
 20045 | Orc:2    | Found Taemat's General Store.
 20140 | Orc:2    | Found Soonouco's Armour Shop.
 20480 | Orc:2    | Bought a heavily runed cloak for 332 gold pieces
 20480 | Orc:2    | Identified the +0 cloak of Kycouv {Str+2} (You bought it in
                  | a shop on level 2 of the Orcish Mines)
 20540 | Orc:2    | Bought the amulet of the Four Winds {rN+ Will+++ Clar} for
                  | 1031 gold pieces
 20540 | Orc:2    | Found the amulet of the Four Winds {rN+ Will+++ Clar}
 20808 | Swamp:1  | Entered Level 1 of the Swamp
 21011 | Swamp:1  | Noticed Kirke
 21019 | Swamp:1  | Killed Kirke
 22024 | Swamp:2  | Noticed a tentacled monstrosity
 22034 | Swamp:2  | Killed a tentacled monstrosity
 23087 | Swamp:3  | Learned a level 4 spell: Iskenderun's Mystic Blast
 23259 | Swamp:3  | Reached XP level 17. HP: 123/146 MP: 26/26
 23686 | Swamp:4  | Entered Level 4 of the Swamp
 24244 | Swamp:4  | Reached skill level 1 in Translocations
 24756 | Swamp:4  | Found a basalt altar of Yredelemnul.
 24771 | Swamp:4  | Got a decaying rune of Zot
 24833 | Swamp:4  | Found a blossoming altar of Fedhas.
 26658 | Spider:1 | Entered Level 1 of the Spider Nest
 28321 | Spider:2 | Found a runed translucent door.
 28322 | Spider:2 | Noticed mn3067's ghost (adept GrBe)
 28516 | Spider:2 | Identified Roxanne's Anthology of Quicksand
 28516 | Spider:2 | Noticed Roxanne
 28544 | Spider:2 | Killed Roxanne
 29436 | Spider:2 | Killed mn3067's ghost
 29440 | Spider:2 | Identified the ring of Wioxec {Fly rCorr}
 29993 | Spider:3 | Noticed Donald
 30005 | Spider:3 | Killed Donald
 30006 | Spider:3 | Reached XP level 18. HP: 125/156 MP: 28/28
 30788 | Spider:3 | Noticed Louise
 30801 | Spider:3 | Killed Louise
 30801 | Spider:3 | Noticed Bai Suzhen
 30813 | Spider:3 | Killed Bai Suzhen
 31397 | Spider:3 | Identified the +5 trident of Duty {drain, Will+}
 31656 | Spider:4 | Entered Level 4 of the Spider Nest
 31890 | Spider:4 | Identified the +1 scale mail of Disguise {rPois rF- rC++
                  | Regen+}
 33766 | Spider:4 | Got a gossamer rune of Zot
 34021 | Elf:1    | Entered Level 1 of the Elven Halls
 34038 | Elf:1    | Reached skill level 20 in Armour
 34168 | Elf:1    | Reached skill level 10 in Fighting
 34338 | Abyss:2  | Cast into level 2 of the Abyss (a deep elf demonologist)
 34552 | Elf:1    | Escaped the Abyss
 34747 | Elf:1    | Got the Collected Works on the Missiles and Apparitions
 34964 | Elf:1    | Reached XP level 19. HP: 144/164 MP: 30/30
 36378 | Elf:2    | Found a runed translucent gate.
 36378 | Elf:2    | Found a runed translucent gate.
 36380 | Elf:2    | Found a runed translucent gate.
 36524 | Elf:2    | Paralysed by an air elemental for 1 turns
 37001 | Elf:3    | Entered Level 3 of the Elven Halls
 37934 | Elf:3    | Identified the +7 falchion of Causality {pain, Contam rPois
                  | Str+5}
 38200 | Elf:3    | Noticed a Tzitzimitl
 38577 | Elf:3    | Identified the +6 long sword "Valo" {antimagic, rElec rC+}
 38799 | Elf:3    | Identified the amulet "Qecewn" {Acrobat rElec Str+3 Dex+2}
 38810 | Elf:3    | Identified the +0 robe of Prudence {Int+3}
 38825 | Elf:3    | Reached skill level 15 in Shields
 39164 | Elf:3    | Noticed a Brimstone Fiend
 39164 | Elf:3    | Gained mutation: Your body sometimes deteriorates upon
                  | taking damage. [a neqoxec]
 39165 | Elf:3    | Identified the +0 scale mail "Xucif" {rElec rPois Dex+6}
 39172 | Elf:3    | Reached skill level 5 in Translocations
 39530 | Elf:3    | Got the Compendium of Heated Topology
 39534 | Elf:3    | Got the Atlas of Configuration
 39544 | Elf:3    | Learned a level 6 spell: Starburst
 39772 | Vaults:1 | Entered Level 1 of the Vaults
 39773 | Vaults:1 | Lost mutation: Your body sometimes deteriorates upon taking
                  | damage. [potion of mutation]
 39773 | Vaults:1 | Gained mutation: Your tail ends in a venomous barb. [potion
                  | of mutation]
 39773 | Vaults:1 | Gained mutation: Your body sometimes deteriorates upon
                  | taking damage. [potion of mutation]
 39773 | Vaults:1 | Gained mutation: You have sharp toenails. [potion of
                  | mutation]
 39773 | Vaults:1 | Gained mutation: You occasionally lose the ability to read
                  | scrolls when taking damage. [potion of mutation]
 39773 | Vaults:1 | Gained mutation: Your flesh is cold resistant. (rC+)
                  | [potion of mutation]
 39773 | Vaults:1 | Gained mutation: You are covered in fur. (AC +1) [potion of
                  | mutation]
 40172 | Vaults:1 | Found a portal to a secret trove of treasure.
 40499 | Vaults:1 | Reached XP level 20. HP: 169/173 MP: 32/32
 40533 | Vaults:1 | Reached skill level 1 in Fire Magic
 40649 | Vaults:1 | Noticed Nikola
 40663 | Vaults:1 | Killed Nikola
 42022 | Vaults:2 | Found Ygegojei's General Store.
 42185 | Vaults:2 | Identified the +5 dagger "Daosuara" {freeze, Str+2 Dex+4
                  | Stlth-}
 42538 | Vaults:2 | Found Rilik's Weapon Boutique.
 42541 | Vaults:2 | Found Jemocs Edghi's Assorted Antiques.
 42735 | Vaults:2 | HP: 3/174 [ironbound thunderhulk/bolt of lightning (14)]
 43065 | Vaults:2 | Found Savvye's Armour Shop.
 43074 | Vaults:2 | Bought the +13 chain mail "Unkomosu" {+Inv rC+ Int+7 Dex-4}
                  | for 1645 gold pieces
 43541 | Vaults:2 | Found Riuvel's Assorted Antiques.
 43558 | Vaults:2 | Found a staircase to the Crypt.
 44149 | Vaults:3 | Identified a scroll of acquirement
 44763 | Vaults:3 | Reached XP level 21. HP: 181/181 MP: 27/33
 46626 | Vaults:4 | Reached skill level 10 in Evocations
 46647 | Vaults:4 | Found Guonobla's Jewellery Emporium.
 47148 | Vaults:4 | Learned a level 4 spell: Airstrike
 47251 | Vaults:4 | Noticed Margery
 47257 | Vaults:4 | Killed Margery
 47401 | Crypt:1  | Entered Level 1 of the Crypt
 47983 | Crypt:1  | Reached skill level 21 in Armour
 48033 | Crypt:1  | Found a basalt altar of Yredelemnul.
 48571 | Crypt:2  | Found a transporter.
 48595 | Crypt:2  | Found a transporter.
 48596 | Crypt:2  | Noticed Nedaafist's ghost (adept DgNe)
 48631 | Crypt:2  | Noticed a royal mummy
 49575 | Crypt:1  | Found an ancient bone altar of Kikubaaqudgha.
 50259 | Crypt:3  | Entered Level 3 of the Crypt
 50397 | Crypt:3  | Reached XP level 22. HP: 64/180 MP: 35/35
 50693 | Crypt:3  | Noticed a curse toe
 50718 | Crypt:3  | Killed from afar by a vampire mage

Illustrated notes

Levels and vault maps discovered:
D:1:      shiori_arrival_oz, layout_loops_ring, serial_shops, shop,
          minmay_hedge_maze
D:2:      layout_rooms
D:3:      minmay_razor_zed, layout_basic, tso_altar,
          nicolae_overflow_ecumenical_swirl, grunt_decor_one_mirror,
          dk_vineyard_1, uniq_sigmund, uniq_robin, uniq_jessica, uniq_terence,
          uniq_grinder
D:4:      layout_rooms, gammafunk_ghost_mausoleum
D:5:      layout_rooms, zin_treasury, trog_hazing_becter, serial_shops,
          nicolae_shop_bloodbath_and_beyond, minivault_14,
          eino_small_chamber_without_monster, minmay_misc_feat_doors,
          uniq_menkaure, uniq_pikel
D:6:      minmay_diamond_boxcup, layout_gridville,
          nicolae_hepliaklqana_hazy_memory, minmay_temple_entry_large_hall,
          uniq_blork_the_orc
D:7:      layout_loops_cross, serial_shops, nicolae_shop_stone, enter_bailey_2,
          uniq_duvessa
D:8:      layout_loops_ring, slow_altar_1, grunt_qazlal_clouds, uniq_joseph
D:9:      layout_irregular_city, mainiacjoe_overflow_alcove_2,
          dpeg_oklobed_lair, dilly_guarded_unrand_devastator
D:10:     layout_stronghold, grunt_tough_drop
D:11:     layout_irregular_city, orc_david_3, serial_shops,
          nicolae_shop_crystal, lemuel_flamethrower_2
D:12:     layout_roguey
D:13:     layout_irregular_city, grunt_vaults_entry_fortified,
          maelrawn_ghost_gauntlet_escape, minivault_16
D:14:     layout_cave_pools, serial_shops, shop, minmay_staircase_windowed_large
D:15:     hangedman_depths_entry_civil_slaughter, layout_gridville,
          lemuel_coloured_pillars_altar
Temple:   eino_temple_lava
Lair:1:   layout_long_grid, uniq_fannar, uniq_gastronok
Lair:2:   layout_chaotic_city, palyth_hydra_swamp_entry,
          nicolae_spider_entry_non_spiders
Lair:3:   gammafunk_lair_enchanted_lake, layout_gridlike, lemuel_fruit_fields
Lair:4:   layout_concentric_octagons, slime_entry_1, serial_bayou,
          serial_bayou_shore_b, serial_bayou_pond_b, serial_bayou_crossing,
          serial_bayou_pond_b, serial_bayou_lake_a, grunt_megastairs_5,
          uniq_urug
Lair:5:   evilmike_catoblepas_cave, layout_cave_pods,
          portal_ice_cave_entry_ice_simulacra
Swamp:1:  nicolae_swamp_wrong_neighborhood, layout_basic_swamp,
          evilmike_swamp_ruin_house_1, swamp_pool3,
          cheibrodos_swamp_pet_leeches, uniq_kirke
Swamp:2:  layout_basic_swamp, evilmike_swamp_ruin_rubble_2
Swamp:3:  layout_falls_marsh, evilmike_swamp_ruin_rubble_1, swamp_pool1,
          nicolae_swamp_feature_on_the_river_bank
Swamp:4:  byrel_swamp_growth_death_and_undeath, layout_basic_swamp, swamp_pool5,
          infiniplex_staircase_pool
Spider:1: layout_spider_delve, drop_trap
Spider:2: layout_cave_pods, gammafunk_ghost_grave, uniq_roxanne
Spider:3: layout_chambers, hellmonk_test_site, nicolae_spider_cling_halls,
          uniq_bai_suzhen, uniq_louise, uniq_donald
Spider:4: grunt_spider_rune_circles
Orc:1:    layout_diamond_mine, minmay_orc_treasury
Orc:2:    hellmonk_orc_salted, layout_caves, serial_shops, shop, mines1_david
Elf:1:    minmay_elf_arrival_summoners, layout_loops_ring, minmay_elf_sorcery
Elf:2:    nicolae_elf_blades_splatter_lattice [nicolae_blade_entry_pointy_end],
          layout_geoelf_grid, kennysheep_underground_church
Elf:3:    elf_hall_gauntlet_narrow, layout_loops_cross,
          nicolae_elf_crossing_hall
Vaults:1: v_misc_12, v_pattern_3, ontoclasm_vaults_gateway, v_alt_pattern_5,
          v_misc_2, hangedman_vaults_snaps, hangedman_vaults_cutoff,
          layout_vaults_ring, enter_trove_5, uniq_nikola
Vaults:2: v_misc_15, vaults_mumra_minichess, hangedman_vaults_pinch,
          vaults_room_pool, nicolae_vaults_little_squares_4,
          nicolae_vaults_border_crossing, nicolae_vaults_big_ls,
          nicolae_vaults_network_s, nicolae_vaults_specimen_jars,
          vaults_mumra_hex, v_alt_pattern_1, vaults_dpeg_emergency_exit,
          layout_vaults_chaotic_city, serial_shops, shop, shop,
          nicolae_shop_stone, shop_statue, shop, serial_glass
Vaults:3: nicolae_vaults_know_your_exits, nicolae_vaults_disjoint_gnomons,
          hangedman_vaults_unwind, hangedman_vaults_stitches,
          vaults_mumra_chevron, v_pattern_5, grunt_vaults_hallway_short,
          v_misc_30, vaults_dpeg_cross, vaults_dpeg_ring,
          grunt_vaults_hallway_short, v_misc_16, hangedman_vaults_impose,
          vaults_mumra_minichess_inversion, vaults_room_ringed_pool, v_misc_24,
          nicolae_vaults_asterisk, layout_vaults_maze_bifur
Vaults:4: grunt_vaults_focal, hangedman_vaults_maws, v_misc_3, v_pattern_2,
          hangedman_vaults_impose, v_alt_pattern_4,
          nicolae_vaults_little_squares_2, hangedman_vaults_slice,
          nicolae_vaults_asterisk, dpeg_vaults_hating_casters,
          layout_vaults_omnigrid, serial_shops, shop_fountains, uniq_margery
Crypt:1:  layout_chaotic_city, lemuel_mausoleum_altar_yredelemnul,
          lemuel_upstairs_altar, grunt_crypt_arrival_guarded_gate
Crypt:2:  layout_regular_city, nzn_ghost_randoct, small_statue_intersection
Crypt:3:  david_glass_crypt, layout_rooms, nicolae_tomb_entry_rubble_hallway

Skill      XL: |  1  2  3  4  5  6  7  8  9 10 11 12 13 14 15 16 17 18 19 20 21 |
---------------+----------------------------------------------------------------+-----
Armour         | 4 5 6 7 17 18 19 20 21 | 21.1
Fighting       | 3 4 5 6 7 8 9 10 11 | 11.4
Maces & Flails | 2 3 4 5 6 7 9 10 11 12 13 14 | 14.4
Axes           | 1 2 3 4 5 6 7 8 9 |  9.3
Spellcasting   | 1 2 3 4 5 6 7 8 9 |  9.3
Dodging        | 1 2 3 4 5 6 7 8 |  8.9
Shields        | 4 5 6 7 8 10 12 13 14 15 16 17 | 17.2
Evocations     | 1 2 4 5 6 7 8 9 10 | 10.3
Throwing       | 1 2 3 |  3.6
Conjurations   | 1 3 4 5 6 7 8 9 |  9.3
Air Magic      | 1 3 4 5 6 7 8 9 |  9.1
Invocations    | 1 3 4 5 6 7 8 9 |  9.7
Stealth        | 1 2 3 4 |  4.1
Translocations | 2 4 5 6 7 |  7.1
Fire Magic     | 2 4 |  4.2

Action                     |  1- 3 |  4- 6 |  7- 9 | 10-12 | 13-15 | 16-18 | 19-21 | 22-24 || total
---------------------------+-------+-------+-------+-------+-------+-------+-------+-------++-------
  Melee: Flail             |   107 |   119 |       |       |       |       |       |       ||   226
         Tailslap          |     4 |    14 |    47 |    57 |   137 |   346 |   252 |     5 ||   862
         Club              |       |    54 |   299 |    94 |       |       |       |       ||   447
         Unarmed           |       |     9 |       |       |       |       |       |       ||     9
         Whip              |       |       |    56 |    99 |       |       |       |       ||   155
         Shillelagh        |       |       |       |   156 |   840 |  1476 |  1068 |    26 ||  3566
         Broad axe         |       |       |       |       |       |    16 |       |       ||    16
  Throw: Dart              |       |     5 |     7 |    39 |       |    19 |     3 |       ||    73
         Boomerang         |       |       |       |       |     9 |    50 |    41 |       ||   100
   Cast: Magic Dart        |       |       |       |       |     7 |    29 |     1 |       ||    37
         Arcjolt           |       |       |       |       |       |     2 |   102 |       ||   104
         Iskenderun's Myst |       |       |       |       |       |       |    13 |       ||    13
         Airstrike         |       |       |       |       |       |       |    13 |       ||    13
 Invoke: Slouch            |       |       |       |       |     4 |    15 |    11 |     4 ||    34
         Step From Time    |       |       |       |       |       |     1 |     2 |     1 ||     4
  Evoke: Wand              |       |     2 |     1 |     5 |     2 |     4 |     5 |       ||    19
         Condenser vane    |       |       |       |       |     2 |     2 |     6 |       ||    10
         Tin of tremorston |       |       |       |       |       |     6 |    12 |       ||    18
         Lightning rod     |       |       |       |       |       |       |     5 |       ||     5
    Use: Scroll            |       |       |    11 |     8 |     9 |    18 |     7 |       ||    53
         Potion            |       |       |     1 |       |     1 |    15 |     4 |       ||    21
   Stab: Distracted        |       |       |     1 |       |       |     4 |     2 |       ||     7
         Confused          |       |       |       |       |       |     1 |       |       ||     1
         Sleeping          |       |       |       |       |       |       |    11 |       ||    11
 Armour: Scale mail        |    77 |    71 |       |       |       |       |       |       ||   148
         Chain mail        |       |    74 |    74 |       |       |       |   198 |     9 ||   355
         Plate armour      |       |       |   198 |   264 |   551 |   942 |       |       ||  1955
         Skin              |       |       |       |       |       |     6 |    91 |       ||    97
  Dodge: Dodged            |    46 |    43 |    71 |    87 |   317 |   642 |   333 |     2 ||  1541
  Block: Buckler           |    29 |    38 |    97 |    85 |   133 |       |       |       ||   382
         Kite shield       |       |       |       |       |   369 |  1318 |       |       ||  1687
         Reflection        |       |       |       |       |       |    40 |    78 |       ||   118
         Tower shield      |       |       |       |       |       |    21 |  1269 |    33 ||  1323

Table legend: (Time is in decaauts)
 A = Elapsed time spent in this place.
 B = Non-inter-level travel time spent in this place.
 C = Inter-level travel time spent in this place.
 D = Time resting spent in this place.
 E = Time spent auto-exploring this place.
 F = Levels seen in this place.
 G = Mean time per level.
                   A        B        C        D        E       F      G
               +--------+--------+--------+--------+--------+-----+--------+
         Total |  73720 |  68200 |   5520 |   7165 |  50706 |  44 | 1675.5 |
       Dungeon |  16480 |  14398 |   2082 |    756 |  10840 |  15 | 1098.7 |
        Temple |     70 |     61 |      9 |      0 |     53 |   1 |   70.0 |
          Lair |   8973 |   8157 |    816 |    136 |   6774 |   5 | 1794.6 |
         Swamp |   7539 |   7375 |    164 |   1783 |   4689 |   4 | 1884.8 |
   Spider Nest |  10387 |  10026 |    361 |   1143 |   7528 |   4 | 2596.8 |
  Orcish Mines |   4231 |   3487 |    744 |    618 |   2364 |   2 | 2115.5 |
   Elven Halls |   7822 |   7193 |    629 |   1056 |   5166 |   3 | 2607.3 |
        Vaults |  11275 |  10883 |    392 |    722 |   8858 |   4 | 2818.8 |
         Crypt |   4653 |   4333 |    320 |    734 |   3066 |   3 | 1551.0 |
         Abyss |    296 |    296 |      0 |      0 |    196 |   1 |  296.0 |
        Bailey |    510 |    510 |      0 |    208 |     67 |   1 |  510.0 |
      Ice Cave |   1480 |   1480 |      0 |      7 |   1101 |   1 | 1480.0 |
               +--------+--------+--------+--------+--------+-----+--------+

Top non-repeatable levels by time:
   Elf:3: 3758 daAuts
Spider:3: 3211 daAuts
Vaults:2: 3152 daAuts
 Swamp:4: 3032 daAuts
Vaults:4: 2912 daAuts
Spider:2: 2770 daAuts
Vaults:1: 2616 daAuts
Vaults:3: 2594 daAuts
Spider:4: 2564 daAuts
   Orc:2: 2563 daAuts
 Crypt:2: 2435 daAuts
  Lair:5: 2263 daAuts
   Elf:2: 2062 daAuts
   Elf:1: 2001 daAuts
  Lair:2: 1893 daAuts
